Map: Frost LE

Players

fizz

  • Race: Zerg Zerg
  • League: Diamond

Florencio - Winner!

  • Race: Protoss Protoss
  • League: Diamond

VOD

Have the link to the VOD?

Description

Time

  • Played on: Oct. 13, 2016, 12:16 a.m.
  • Length: 10:05
Show
View Real Time Build Order
Export as new Build Order

fizz Zerg 

Build Orders: Pool First 

Get SALT Encoding   

  12  0:01  Drone  
  13  0:08  Drone  
  14  0:16  Overlord  
  14  0:35  Drone x3  
  17  0:48  Drone, Spawning Pool  
  17  0:50  Extractor  
  16  1:03  Drone  
  17  1:21  Drone  
  17  1:22  Hatchery  
  17  1:28  Drone  
  18  1:33  Overlord  
  18  1:40  Zergling x2  
  19  1:50  Metabolic Boost  
  19  1:53  Drone  
  20  2:24  Queen  
  20  2:27  Drone x3  
  25  2:36  Drone  
  26  2:39  Drone  
  26  2:43  Queen  
  29  2:57  Hatchery  
  29  3:05  Zergling x6  
  29  3:06  Overlord, Zergling x2  
  32  3:22  Drone  
  32  3:23  Drone x2  
  35  3:35  Overlord  
  35  3:37  Drone x4  
  35  3:38  Drone  
  40  3:43  Pneumatized Carapace  
  40  3:50  Drone x2  
  40  3:52  Drone x2  
  40  3:53  Overlord  
  44  3:59  Drone  
  45  4:04  Drone  
  46  4:11  Extractor  
  46  4:12  Drone x2  
  46  4:13  Drone x3  
  46  4:14  Baneling Nest  
  49  4:18  Queen  
  49  4:22  Zergling x4  
  49  4:23  Drone  
  54  4:29  Overlord  
  54  4:47  Spore Crawler  
  54  4:50  Spore Crawler  
  54  4:52  Spore Crawler  
  51  5:03  Evolution Chamber  
  51  5:04  Evolution Chamber  
  49  5:08  Drone  
  49  5:09  Drone x9  
  49  5:13  Baneling  
  59  5:14  Baneling x9  
  59  5:15  Zergling x2  
  59  5:20  Drone  
  61  5:23  Drone  
  62  5:43  Lair  
  62  5:45  Drone x2  
  62  5:46  Drone  
  62  5:47  Extractor  
  62  5:48  Zerg Melee Weapons Level 1  
  62  5:49  Zerg Ground Armor Level 1  
  64  5:53  Drone x2, Extractor  
  64  5:54  Drone  
  64  5:55  Overlord x5  
  66  6:02  Overlord  
  66  6:03  Overlord x2  
  66  6:10  Overlord  
  66  6:11  Overlord  
  66  6:15  Drone  
  66  6:16  Drone x2  
  66  6:17  Drone  
  70  6:51  Drone x3, Hydralisk Den  
  72  6:55  Zergling x2  
  72  6:56  Zergling x12  
  72  6:58  Baneling  
  72  6:59  Baneling x5  
  72  7:00  Centrifical Hooks  
  79  7:04  Extractor x2  
  79  7:05  Drone x5  
  82  7:25  Hydralisk  
  82  7:26  Hydralisk x8  
  99  7:31  Spore Crawler  
  99  7:32  Spore Crawler  
  84  7:41  Muscular Augments  
  84  7:42  Hydralisk x2  
  77  8:17  Hydralisk x4  
  77  8:18  Hydralisk x4  
  89  8:20  Drone x2  
  91  8:27  Drone  
  92  8:43  Hatchery  
  92  8:44  Spore Crawler  
  92  8:45  Spore Crawler  
  87  9:23  Hydralisk x8  
  87  9:24  Hydralisk x2  
  71  9:36  Hydralisk  
Show
View Real Time Build Order
Export as new Build Order

Florencio Protoss - Winner!

Build Orders: 1 Gate Expand 

Get SALT Encoding   

  12  0:01  Probe (Chrono Boost)  
  13  0:17  Probe (Chrono Boost)  
  14  0:26  Pylon  
  14  0:27  Probe (Chrono Boost)  
  15  0:44  Probe (Chrono Boost)  
  16  0:51  Gateway  
  16  0:55  Probe (Chrono Boost)  
  17  0:59  Assimilator  
  17  1:04  Assimilator  
  17  1:05  Probe (Chrono Boost)  
  18  1:16  Probe (Chrono Boost)  
  19  1:26  Probe (Chrono Boost)  
  20  1:37  Probe (Chrono Boost)  
  21  1:43  Nexus  
  21  1:55  Cybernetics Core  
  21  1:59  Probe (Chrono Boost)  
  22  2:10  Pylon  
  22  2:13  Probe (Chrono Boost)  
  23  2:28  Probe (Chrono Boost)  
  24  2:32  Adept  
  26  2:39  Mothership Core (Chrono Boost)  
  28  2:56  Probe (Chrono Boost)  
  28  2:57  Probe (Chrono Boost)  
  30  3:02  Pylon  
  30  3:06  Probe (Chrono Boost)  
  30  3:08  Probe (Chrono Boost)  
  32  3:17  Assimilator, Probe (Chrono Boost)  
  32  3:18  Probe (Chrono Boost)  
  34  3:20  Assimilator  
  34  3:23  Pylon  
  34  3:27  Probe (Chrono Boost)  
  34  3:29  Probe (Chrono Boost)  
  34  3:38  Probe (Chrono Boost)  
  34  3:40  Stalker  
  37  3:41  Forge  
  37  3:43  Pylon  
  38  3:48  Probe x2 (Chrono Boost)  
  39  3:59  Probe (Chrono Boost)  
  40  4:10  Probe x2 (Chrono Boost)  
  42  4:17  Photon Cannon  
  42  4:20  Pylon  
  42  4:23  Photon Cannon  
  42  4:24  Photon Cannon  
  42  4:25  Probe (Chrono Boost)  
  42  4:26  Probe (Chrono Boost)  
  44  4:36  Probe x2 (Chrono Boost)  
  46  4:45  Stargate  
  46  4:47  Stargate  
  46  4:50  Stargate  
  46  4:56  Stargate  
  46  5:02  Pylon, Probe x2 (Chrono Boost)  
  48  5:13  Probe x2 (Chrono Boost)  
  50  5:23  Probe (Chrono Boost)  
  51  5:28  Pylon  
  51  5:31  Oracle x2, Pylon  
  51  5:34  Oracle  
  60  5:38  Oracle  
  63  5:50  Photon Cannon  
  63  6:05  Oracle  
  63  6:06  Oracle x2  
  63  6:09  Oracle  
  75  6:37  Oracle, Pylon  
  75  6:40  Oracle  
  75  6:42  Oracle x2  
  87  7:03  Photon Cannon  
  87  7:05  Photon Cannon  
  87  7:06  Photon Cannon  
  87  7:08  Oracle  
  87  7:10  Nexus  
  87  7:11  Oracle  
  93  7:34  Oracle  
  93  7:35  Oracle  
  99  7:51  Oracle  
  102  8:00  Photon Cannon  
  102  8:02  Oracle  
  105  8:13  Pylon  
  105  8:15  Assimilator  
  105  8:21  Pylon x2  
  105  8:22  Probe (Chrono Boost)  
  105  8:23  Pylon  
  106  8:33  Probe (Chrono Boost)  
  107  8:37  Void Ray  
  107  8:43  Void Ray, Probe (Chrono Boost)  
  107  8:44  Void Ray  
  120  8:54  Assimilator, Probe (Chrono Boost)  
  121  9:05  Probe (Chrono Boost)  
  121  9:11  Void Ray  
  121  9:14  Void Ray  
Tags
 
Add a new tag
Caveats
  • Supply blocks, unpowered buildings, or Contaminate may cause inaccurate times.
  • Supply counts are checked every 10 seconds.